 Dungeon Crawl Stone Soup version 0.30-a0-39-g42789b21ef (webtiles) character file.

Game seed: 5683177482010743884

6230 lesbiats the Grappler (level 10, -2/102 HPs)
             Began as a Troll Warper on Aug 28, 2022.
             Was a Believer of the Shining One.
             Slain by an orc warlord
             ... wielding a +4 battleaxe
              (20 damage)
             ... in a bailey.
             The game lasted 00:39:31 (6848 turns).

lesbiats the Grappler (Troll Warper)                Turns: 6848, Time: 00:39:32

Health: -2/102     AC:  6    Str: 31    XL:     10   Next: 61%
Magic:  6/10       EV: 13    Int:  9    God:    the Shining One [**....]
Gold:   348        SH:  0    Dex:  9    Spells: 3/11 levels left

rFire   + . .      SeeInvis .      - Unarmed
rCold   + . .      Faith    .    (no shield)
rNeg    + . .      Spirit   .    B - +2 robe {rC+ rF+}
rPois   .          Reflect  .    (helmet restricted)
rElec   .          Harm     .    (no cloak)
rCorr   .          Rampage  .    (gloves unavailable)
Will    .....                    (boots unavailable)
Stlth   +.........               (no amulet)
HPRegen 1.07/turn                x - +6 ring of strength
MPRegen 0.12/turn                w - +4 ring of evasion

@: mighty, glowing
A: large, unfitting armour, claws 3, regeneration 1, shaggy fur 1, tough skin 1
a: Renounce Religion, Divine Shield


You were in a bailey.
You worshipped the Shining One.
The Shining One was pleased with you.
You visited 2 branches of the dungeon, and saw 9 of its levels.
You also visited: Sewer and Bailey.

You collected 395 gold pieces.
You spent 47 gold pieces at shops.

Inventory:

Hand Weapons
 D - the +7 staff of the Meek {protect, meekguard}
   (You found it on level 5 of the Dungeon)

   It grants its wielder temporary protection when it strikes (+7 to AC).
   It provides extra protection to wielders with little health.
Missiles
 a - an atropa-tipped dart
 c - 2 boomerangs of dispersal
 g - 14 stones (quivered)
 s - 2 poisoned darts
 K - 2 boomerangs
Armour
 B - a +2 robe of resistance (worn)
Magical Staves
 j - a staff of air
Jewellery
 w - a +4 ring of evasion (right claw)
 x - a +6 ring of strength (left claw)
 J - a +6 ring of dexterity
Wands
 l - a wand of charming (12)
 A - a wand of flame (21)
 E - a wand of roots (11)
Scrolls
 e - 5 scrolls of enchant weapon
 f - 3 scrolls of butterflies
 k - 2 scrolls of fear
 n - 3 scrolls of teleportation
 p - a scroll of enchant armour {unknown}
 q - a scroll of poison {unknown}
 y - a scroll of noise {unknown}
 z - a scroll of magic mapping {unknown}
 C - a scroll of acquirement {unknown}
 I - a scroll of vulnerability {unknown}
 L - a scroll of summoning {unknown}
Potions
 d - 3 potions of curing
 h - 3 potions of might
 m - a potion of heal wounds
 o - a potion of attraction
 r - 2 potions of invisibility
 t - 2 potions of flight
 u - 3 potions of haste
 G - a potion of brilliance {unknown}
 H - a potion of lignification {unknown}
 M - a potion of magic {unknown}


   Skills:
 + Level 7.1 Fighting
 + Level 7.6 Throwing
 - Level 1.9 Dodging
 + Level 8.6 Unarmed Combat
 - Level 1.2 Spellcasting
 - Level 6.1 Translocations


You had 3 spell levels left.
You knew the following spells:

 Your Spells              Type           Power      Damage    Failure   Level
b - Blink                 Tloc           22%        N/A       4%          2
g - Gell's Gravitas       Tloc           11%        N/A       9%          3
t - Teleport Other        Tloc           11%        N/A       9%          3

Your spell library contained the following spells:

 Spells                   Type           Power      Damage    Failure   Level
 Lesser Beckoning         Tloc           11%        N/A       9%          3
 Freeze                   Ice            0%         1d3       36%         1
 Slow                     Hex            0%         N/A       36%         1
 Ensorcelled Hibernation  Hex/Ice        0%         N/A       50%         2
 Passwall                 Tmut/Erth      0%         N/A       50%         2
 Conjure Flame            Conj/Fire      0%         6-21      73%         3
 Frozen Ramparts          Ice            0%         1d1       73%         3
 Ignite Poison            Fire/Tmut/Pois 0%         N/A       73%         3
 Swiftness                Air            0%         N/A       73%         3
 Manifold Assault         Tloc           11%        N/A       63%         5
 Animate Dead             Necr           0%         N/A       98%         4
 Cause Fear               Hex            0%         N/A       98%         4
 Hailstorm                Conj/Ice       0%         3d3       98%         4
 Sticky Flame             Conj/Fire      0%         2d3       98%         4
 Haunt                    Necr/Summ      0%         N/A       100%        7
 Discord                  Hex            0%         N/A       100%        8
 Infestation              Necr           0%         N/A       100%        8


Dungeon Overview and Level Annotations

Branches:
Dungeon (8/15)             Temple (1/1) D:7           Sewer (visited)
 Bailey (1/1)
   Lair: D:8-11

Altars:
Ashenzari
Cheibriados
Dithmenos
Fedhas
Gozag
Hepliaklqana
Kikubaaqudgha
Makhleb
Nemelex Xobeh
Qazlal
Ru
Sif Muna
Trog
Uskayaw
Vehumet
Wu Jian
Xom
Zin
The Shining One

Shops:
D:7 *=


Innate Abilities, Weirdness & Mutations

You are too large for most types of armour.
You have claws for hands.
Your natural rate of healing is unusually fast.
You are covered in fur. (AC +1)
You have tough skin. (AC +1)


Message History

Okay, then.
Throw: 4 darts (poison)
Press: ? - help, Shift-Dir - straight line, f/p - orc warlord
Aim: an orc warlord, wielding a +4 battleaxe and wearing a +0 chain mail (moderately wounded, very poisoned, 69% to hit)
You throw a poisoned dart. The poisoned dart hits the orc warlord.
The orc warlord looks as sick as possible!
The orc warlord is moderately wounded.
Throw: 3 boomerangs (disperse)
Press: ? - help, Shift-Dir - straight line, f/p - orc warlord
Aim: an orc warlord, wielding a +4 battleaxe and wearing a +0 chain mail (heavily wounded, extremely poisoned, haloed, 86% to hit)
You throw a boomerang of dispersal.
The boomerang of dispersal hits the orc warlord!
The orc warlord blinks!
The orc warlord is heavily wounded.
Things that are here:
a +0 hand axe; a +0 leather armour
There is an open door, spattered with blood here.
Items here: ))) [[[ ÷.
Throw: 14 stones
Press: ? - help, Q - select action, (/) - cycle Shift-Dir - straight line, f/p - orc warlord
Aim: an orc warlord, wielding a +4 battleaxe and wearing a +0 chain mail (severely wounded, very poisoned, haloed, 86% to hit)
Okay, then.
Throw: 3 darts (poison)
Press: ? - help, Shift-Dir - straight line, f/p - orc warlord
Aim: an orc warlord, wielding a +4 battleaxe and wearing a +0 chain mail (severely wounded, very poisoned, haloed, 86% to hit)
You throw a poisoned dart.
The poisoned dart barely misses the orc warlord.
You scratch the orc warlord.
The orc warlord is severely wounded.
You mangle the orc warlord!!
The orc warlord is almost dead.
The orc warlord closely misses you.
You completely miss the orc warlord.
The orc warlord is almost dead.
The orc warlord hits you with a +4 battleaxe!!
* * * LOW HITPOINT WARNING * * *
You barely miss the orc warlord.
The orc warlord is almost dead.
The orc warlord hits you with a +4 battleaxe!!
You die...

##.........##
#######.....⌠.....#
##.....##.....)).)##
#.......)...).)...).
##.......##.......##.
#.........#.......#..
##.........##.....##..
#.....⌠.....#######...
##...@.....## ##..
#...o.....# #..
##.......## ##.
#.......# #. ##.....##
## ##)####.....(.....#
##.))..##.........##
#..(....#.........#.
##.......##.......##.


You could see an orc warlord (poisoned).

Vanquished Creatures
  2 orc knights (Bailey)
  Sigmund (D:2)
  6 yaks
  A water moccasin (D:7)
  14 orc warriors
  3 sky beasts
  2 ice beasts
  An ogre (D:4)
  2 kobold brigands (Sewer)
  8 scorpions
  4 bullfrogs
  3 wights (D:5)
  3 howler monkeys
  An electric eel (D:7)
  4 hounds
  A jelly (D:4)
  9 orc priests
  Crazy Yiuf (D:6)
  Jessica (D:2)
  An iguana (D:4)
  Natasha (thrice) (D:2)
  7 orc wizards
  9 gnolls
  12 adders
  2 river rats (Sewer)
  A shadow imp (D:7)
  3 white imps
  3 ufetubi
  5 worms
  4 dart slugs
  41 orcs
  8 endoplasms
  A giant cockroach (D:3)
  13 goblins
  12 hobgoblins
  9 jackals
  4 quokkas
  7 ball pythons
  15 bats
  A frilled lizard (D:3)
  11 kobolds
  9 rats
248 creatures vanquished.

Vanquished Creatures (others)
  16 fungi (D:7)
16 creatures vanquished.

Grand Total: 264 creatures vanquished

Notes
Turn   | Place    | Note
-------+----------+-------------------------------------------
     0 | D:1      | lesbiats the Troll Warper began the quest for the Orb.
     0 | D:1      | Reached XP level 1. HP: 19/19 MP: 1/1
    50 | D:1      | Reached skill level 1 in Throwing
    85 | D:1      | Reached XP level 2. HP: 28/28 MP: 2/2
   244 | D:1      | Learned a level 2 spell: Blink
   284 | D:1      | Reached XP level 3. HP: 30/35 MP: 3/3
   535 | D:2      | Noticed Sigmund
   642 | D:2      | Noticed Jessica
   646 | D:2      | Killed Jessica
   654 | D:2      | Reached XP level 4. HP: 42/42 MP: 4/4
   734 | D:2      | Noticed Natasha
   746 | D:2      | Killed Natasha
   882 | D:2      | Noticed Natasha
   893 | D:2      | Killed Natasha
   922 | D:2      | Found a faded altar of an unknown god.
   976 | D:2      | Noticed Natasha
   982 | D:2      | Killed Natasha
   983 | D:2      | Reached skill level 3 in Unarmed Combat
   983 | D:2      | Reached XP level 5. HP: 36/50 MP: 5/5
  1042 | D:2      | Killed Sigmund
  1043 | D:2      | Reached XP level 6. HP: 29/59 MP: 6/6
  1451 | D:3      | Found an ornate altar of the Wu Jian Council.
  1606 | D:3      | Found a shadowy altar of Dithmenos.
  1909 | D:3      | Found a glowing golden altar of the Shining One.
  1933 | D:3      | Became a worshipper of the Shining One
  2235 | D:4      | Noticed a yak
  2235 | D:4      | Noticed a yak
  2235 | D:4      | Noticed a yak
  2259 | D:4      | Killed a yak
  2260 | D:4      | Reached XP level 7. HP: 16/67 MP: 7/7
  2309 | D:4      | Found a glowing drain.
  2321 | Sewer    | Entered a sewer
  2339 | Sewer    | Reached skill level 4 in Unarmed Combat
  2495 | Sewer    | Found a white marble altar of Elyvilon.
  2556 | D:4      | Killed a yak
  2661 | D:4      | Killed a yak
  2662 | D:4      | Reached skill level 5 in Translocations
  2662 | D:4      | Reached XP level 8. HP: 40/78 MP: 8/8
  3260 | D:5      | Entered Level 5 of the Dungeon
  3313 | D:5      | Reached skill level 5 in Unarmed Combat
  3357 | D:5      | Reached * piety under the Shining One
  3581 | D:5      | Found a bloodstained altar of Trog.
  3599 | D:5      | Reached XP level 9. HP: 72/83 MP: 9/9
  3608 | D:5      | Learned a level 3 spell: Gell's Gravitas
  3612 | D:5      | Learned a level 3 spell: Teleport Other
  3735 | D:5      | Found the +7 staff of the Meek {protect, meekguard}
  3865 | D:5      | Reached skill level 5 in Throwing
  4226 | D:6      | Found a hide-covered altar of Uskayaw.
  4256 | D:6      | Reached skill level 6 in Unarmed Combat
  4310 | D:6      | Reached skill level 5 in Fighting
  4318 | D:6      | Got the Volume of Spellbinding
  4473 | D:6      | Found a runed translucent door.
  4474 | D:6      | Noticed Crazy Yiuf
  4646 | D:6      | Killed Crazy Yiuf
  4932 | D:7      | Found Zizoiczu's Jewellery Boutique.
  4948 | D:7      | Found a staircase to the Ecumenical Temple.
  5028 | Temple   | Entered the Ecumenical Temple
  5341 | D:7      | Found an ancient bone altar of Kikubaaqudgha.
  5344 | D:7      | Found a broken altar of Ashenzari.
  5377 | D:7      | Reached ** piety under the Shining One
  5466 | D:7      | Found Raupouhe's CLEARANCE SALE!.
  5477 | D:7      | Bought a scroll of enchant weapon for 30 gold pieces
  5477 | D:7      | Bought a wand of roots (1) for 9 gold pieces
  5477 | D:7      | Bought a scroll of identify for 8 gold pieces
  5686 | D:7      | Reached skill level 7 in Unarmed Combat
  6068 | D:8      | Reached XP level 10. HP: 64/98 MP: 10/10
  6126 | D:8      | Noticed a catoblepas
  6160 | D:8      | Found a flagged portal.
  6162 | D:8      | Noticed a two-headed ogre
  6170 | Bailey   | Entered a bailey
  6391 | Bailey   | Noticed an orc knight
  6435 | Bailey   | Killed an orc knight
  6436 | Bailey   | Reached skill level 8 in Unarmed Combat
  6550 | Bailey   | Noticed an orc knight
  6562 | Bailey   | Killed an orc knight
  6597 | Bailey   | HP: 3/100 [orc warrior/+0 broad axe (18)]
  6785 | Bailey   | Noticed an orc warlord
  6848 | Bailey   | Slain by an orc warlord

Illustrated notes

Levels and vault maps discovered:
D:1:      kennysheep_arrival_forest, layout_basic
D:2:      layout_loops_ring, hellmonk_ecumenical_altar_lost_god,
          minmay_bisected, uniq_natasha, uniq_sigmund, uniq_jessica
D:3:      layout_loops_ring, mainiacjoe_overflow_boulevard,
          nicolae_overflow_crystal_walls,
          mainiacjoe_overflow_concentric_impassable
D:4:      layout_loops_cross, portal_sewer_entry_d
D:5:      layout_rooms, mainiacjoe_overflow_alcove_1, pf_guarded_unrand_meek
D:6:      layout_rooms, mainiacjoe_overflow_24_doors, uniq_crazy_yiuf_cottage
D:7:      old_forge, layout_basic, nicolae_overflow_squiral,
          minmay_temple_entry_junction, minmay_shop_enchanted_jewellery,
          nicolae_shop_clearance
D:8:      layout_basic, mainiacjoe_overflow_catwalk, enter_bailey_6
Temple:   minmay_temple_bridge_abc
Bailey:   bailey_axe_minmay_hex_keep, bailey

Skill      XL: |  1  2  3  4  5  6  7  8  9 10 |
---------------+-------------------------------+-----
Throwing       | 1 2 3 4 6 7 |  7.6
Fighting       | 2 3 4 6 7 |  7.1
Translocations | 3 4 5 6 |  6.1
Unarmed Combat | 3 4 5 7 8 |  8.6
Dodging        | |  1.9
Spellcasting   | |  1.2

Action                   |  1- 3 |  4- 6 |  7- 9 | 10-12 || total
-------------------------+-------+-------+-------+-------++-------
Melee: Unarmed           |   100 |   161 |   315 |   120 ||   696
       Punch             |       |     5 |    11 |     7 ||    23
Throw: Stone             |    17 |     6 |    26 |       ||    49
       Dart              |       |       |     4 |    22 ||    26
       Boomerang         |       |       |     1 |     4 ||     5
       Throwing net      |       |       |       |     1 ||     1
 Cast: Blink             |       |       |     5 |     7 ||    12
       Gell's Gravitas   |       |       |     2 |     8 ||    10
       Teleport Other    |       |       |       |     2 ||     2
  Use: Scroll            |       |       |     7 |     3 ||    10
       Potion            |       |       |     1 |     5 ||     6
 Stab: Sleeping          |     1 |     3 |       |       ||     4
Armor: Robe              |    49 |    49 |    79 |    13 ||   190
Dodge: Dodged            |    51 |    69 |   171 |    62 ||   353

Table legend: (Time is in decaauts)
 A = Elapsed time spent in this place.
 B = Non-inter-level travel time spent in this place.
 C = Inter-level travel time spent in this place.
 D = Time resting spent in this place.
 E = Time spent auto-exploring this place.
 F = Levels seen in this place.
 G = Mean time per level.
                   A        B        C        D        E       F      G
               +--------+--------+--------+--------+--------+-----+--------+
         Total |   6809 |   6320 |    489 |    543 |   3523 |  11 |  619.0 |
       Dungeon |   5694 |   5239 |    455 |    259 |   3153 |   8 |  711.8 |
        Temple |    206 |    172 |     34 |      0 |    167 |   1 |  206.0 |
         Sewer |    254 |    254 |      0 |     38 |    107 |   1 |  254.0 |
        Bailey |    654 |    654 |      0 |    246 |     96 |   1 |  654.0 |
               +--------+--------+--------+--------+--------+-----+--------+

Top non-repeatable levels by time:
     D:7: 1054 daAuts
     D:4: 1013 daAuts
     D:2: 799 daAuts
     D:3: 787 daAuts
     D:5: 694 daAuts
  Bailey: 654 daAuts
     D:6: 613 daAuts
     D:1: 550 daAuts
   Sewer: 254 daAuts
  Temple: 206 daAuts
     D:8: 180 daAuts
